 Dungeon Crawl Stone Soup version 0.31-a0-845-g9abc20d24f (webtiles) character file.

Game seed: 13147985449042917438

132 hikkokomori the Trooper (level 5, -5/47 HPs)
             Began as a Hill Orc Fighter on Oct 2, 2023.
             Blown up by a kobold (15 damage)
             ... with a mindburst bolt
             ... on level 3 of the Dungeon.
             The game lasted 00:03:06 (2296 turns).

hikkokomori the Trooper (Hill Orc Fighter)          Turns: 2296, Time: 00:03:07

Health: -5/47      AC:  8    Str: 21    XL:     5   Next: 15%
Magic:  5/5        EV:  9    Int:  8    God:
Gold:   95         SH:  4    Dex: 10    Spells: 0/4 levels left

rFire   . . .        a - +0 war axe
rCold   . . .        c - +0 buckler
rNeg    . . .        b - +0 scale mail
rPois   .            d - +0 helmet
rElec   .            (no cloak)
rCorr   .            (no gloves)
SInv    .            (no boots)
Will    .....        (no amulet) Stlth
                     h - ring of wizardry
HPRegen 0.27/turn    (no ring)
MPRegen 0.09/turn

%: wizardry (x1)
@: no status effects
A: no striking features
a: no special abilities


You were on level 3 of the Dungeon.
You visited 1 branch of the dungeon, and saw 3 of its levels.

You collected 95 gold pieces.

Inventory:

Hand Weapons
 a - a +0 war axe (weapon)
 q - a +1 whip of electrocution
Missiles
 e - 2 poisoned darts
 n - 3 javelins
Armour
 b - a +0 scale mail (worn)
 c - a +0 buckler (worn)
 d - a +0 helmet (worn)
Jewellery
 h - a ring of wizardry (left hand)
Scrolls
 f - a scroll of poison {unknown}
 g - 3 scrolls of teleportation
 i - a scroll of silence {unknown}
 j - a scroll of fear {unknown}
 k - a scroll of torment {unknown}
 l - a scroll of identify
 m - a scroll of immolation {unknown}
 p - a scroll of blinking {unknown}
Potions
 o - a potion of cancellation {unknown}


   Skills:
 + Level 4.6 Fighting
 + Level 4.1 Axes
 + Level 4.1 Armour
 + Level 4.3 Shields


You couldn't memorise any spells.
You knew the following spells:

 Your Spells              Type           Power      Damage    Failure   Level
a - Summon Lightning Spi  Summ/Air       0%         N/A       99%         4

Your spell library contained the following spells:

 Spells                   Type           Power      Damage    Failure   Level
 Animate Armour           Summ/Erth      0%         N/A       99%         4
 Lee's Rapid Deconstruct  Erth           0%         3d4*      100%        5


Dungeon Overview and Level Annotations

Branches:
Dungeon (3/15)

Altars:

Annotations:
D:3 Grinder


Message History

Sorry, I don't know how to get there.
Found a stone staircase leading down.
A bat comes into view.
A bat is nearby!
A bat is nearby!
A bat is nearby!
A kobold comes into view.
It is wielding a +0 dagger and carrying a wand of mindburst.
The bat barely misses you.
You see here a scroll of identify.
You barely miss the bat.
The kobold shouts!
The bat completely misses you.
The kobold zaps a wand.
Your mind is blasted!
You closely miss the bat. The bat barely misses you.
The bat closely misses you.
You closely miss the bat. The bat closely misses you.
You barely miss the bat. The bat hits you but does no damage.
Grinder comes into view.
The kobold zaps a wand.
Your mind is blasted!
Grinder shouts!
You slash the bat!
You kill the bat!
Found a book of Necromancy.
The kobold zaps a wand.
Your mind is blasted!
* * * LOW HITPOINT WARNING * * *
You are too injured to fight recklessly!
You are too injured to fight recklessly!
You are too injured to fight recklessly!
You are too injured to fight recklessly!
You are too injured to fight recklessly!
You are too injured to fight recklessly!
You are too injured to fight recklessly!
You are too injured to fight recklessly!
You are too injured to fight recklessly!
You are too injured to fight recklessly!
You are too injured to fight recklessly!
You are too injured to fight recklessly!
You are too injured to fight recklessly!
Unknown command.
Unknown command.
The kobold zaps a wand.
Your mind is blasted!
You die...

..#.....##
.........##
..........#
..........# ###
....>.....##....
.......†.....###..
.....?.?.K##5....
.............#
.........#@###
..#......#:..# #
######.###..# #.##
#.# #..# .#
#####.###.###
#...........#
#........##..
#<.......#


You could see Grinder and a kobold.

Vanquished Creatures
  Natasha (twice) (D:2)
  Robin (D:2)
  An adder (D:2)
  3 dart slugs (D:1)
  4 ball pythons
  3 bats
  4 endoplasms
  3 giant cockroaches
  11 goblins
  6 hobgoblins
  4 jackals (D:2)
  2 frilled lizards (D:1)
  5 kobolds (D:1)
  2 rats (D:1)
  A spectral hobgoblin (D:1)
52 creatures vanquished.

Notes
Turn   | Place    | Note
-------+----------+-------------------------------------------
     0 | D:1      | hikkokomori the Hill Orc Fighter began the quest for the
                  | Orb.
     0 | D:1      | Reached XP level 1. HP: 19/19 MP: 1/1
    95 | D:1      | Reached XP level 2. HP: 27/27 MP: 2/2
   236 | D:1      | Found a faded altar of an unknown god.
   804 | D:1      | Reached XP level 3. HP: 30/33 MP: 3/3
  1192 | D:2      | Noticed Natasha
  1198 | D:2      | Killed Natasha
  1199 | D:2      | Reached XP level 4. HP: 28/40 MP: 4/4
  1669 | D:2      | Noticed Natasha
  1676 | D:2      | Killed Natasha
  1702 | D:2      | Noticed Robin
  1954 | D:2      | Reached XP level 5. HP: 36/47 MP: 5/5
  1959 | D:2      | Killed Robin
  1977 | D:2      | Learned a level 4 spell: Summon Lightning Spire
  2292 | D:3      | Noticed Grinder
  2296 | D:3      | Blown up by a kobold

Illustrated notes

Levels and vault maps discovered:
D:1:      mainiacjoe_arrival_reflecting_pool, layout_loops_corners,
          dreamdust_ecumenical_altar_drowned_temple,
          chequers_serial_rivers_room_b, serial_park_tiny_2,
          kennysheep_another_room, minmay_misc_feat_iff, chequers_jeans,
          nicolae_houndstooth_variations
D:2:      layout_basic, uniq_robin, uniq_natasha
D:3:      layout_rooms, lemuel_crystal_altar, gammafunk_temple_overflow_arena,
          serial_shops, shop, uniq_grinder, uniq_crazy_yiuf_cottage

Skill      XL: |  1  2  3  4 |
---------------+-------------+-----
Axes           | 3 4 |  4.1
Fighting       | 4 |  4.6
Shields        | 4 |  4.3
Armour         | 4 |  4.1

Action                     |  1- 3 |  4- 6 || total
---------------------------+-------+-------++-------
  Melee: War axe           |    74 |    41 ||   115
  Throw: Dart              |       |     2 ||     2
    Use: Scroll            |       |     2 ||     2
         Potion            |       |     2 ||     2
 Armour: Scale mail        |    50 |    45 ||    95
  Dodge: Dodged            |    33 |    35 ||    68
  Block: Buckler           |    17 |    11 ||    28

Table legend: (Time is in decaauts)
 A = Elapsed time spent in this place.
 B = Non-inter-level travel time spent in this place.
 C = Inter-level travel time spent in this place.
 D = Time resting spent in this place.
 E = Time spent auto-exploring this place.
 F = Levels seen in this place.
 G = Mean time per level.
                   A        B        C        D        E       F      G
               +--------+--------+--------+--------+--------+-----+--------+
         Total |   2354 |   2253 |    101 |    142 |   1751 |   3 |  784.7 |
       Dungeon |   2354 |   2253 |    101 |    142 |   1751 |   3 |  784.7 |
               +--------+--------+--------+--------+--------+-----+--------+

Top non-repeatable levels by time:
     D:1: 1201 daAuts
     D:2: 1132 daAuts
     D:3: 21 daAuts
